 Dungeon Crawl Stone Soup version 0.30.0-11-gf55b779eaf (console) character file.

Game seed: 5605384444100430929

165 jejorda2 the Poker (level 5, -1/64 HPs)
             Began as a Merfolk Berserker on May 16, 2023.
             Was a Believer of Trog.
             Slain by a wyvern (15 damage)
             ... on level 3 of the Dungeon.
             The game lasted 00:05:54 (2671 turns).

jejorda2 the Poker (Merfolk Berserker)              Turns: 2671, Time: 00:05:55

Health: -1/64      AC:  7    Str: 19    XL:     5   Next: 46%
Magic:  5/5        EV: 11    Int:  6    God:    Trog [**....]
Gold:   121        SH:  0    Dex: 20    Spells: 4/4 levels left

rFire   . . .        a - +0 spear
rCold   . . .        (no shield)
rNeg    . . .        t - +0 scale mail
rPois   .            k - +0 helmet
rElec   .            (no cloak)
rCorr   +            (no gloves)
SInv    .            (no boots)
Will    .....        h - amulet of regeneration Stlth
                     c - ring of resist corrosion
HPRegen 1.10/turn    s - +6 ring of dexterity
MPRegen 0.09/turn

%: no passive effects
@: berserking, very quick
A: (nimble swimmer 2), mertail
a: Renounce Religion, Berserk, Trog's Hand


You were on level 3 of the Dungeon.
You worshipped Trog.
Trog was pleased with you.
You visited 1 branch of the dungeon, and saw 4 of its levels.

You collected 121 gold pieces.

Inventory:

Hand Weapons
 a - a +0 spear (weapon)
Missiles
 f - 60 stones (quivered)
 i - 5 poisoned darts
Armour
 k - a +0 helmet (worn)
 t - a +0 scale mail (worn)
Jewellery
 c - a ring of resist corrosion (left hand)
 h - an amulet of regeneration (around neck)
 s - a +6 ring of dexterity (right hand)
Scrolls
 d - 2 scrolls of vulnerability {unknown}
 g - 3 scrolls of enchant weapon {unknown}
 j - 2 scrolls of identify {unknown}
 l - 3 scrolls of teleportation {unknown}
 o - a scroll of magic mapping {unknown}
Potions
 m - 3 potions of curing {unknown}
 n - a potion of ambrosia {unknown}
 p - a potion of magic {unknown}
 q - a potion of attraction {unknown}
 r - a potion of brilliance {unknown}


   Skills:
 + Level 4.6 Fighting
 * Level 6.9 Polearms
 - Level 1.3 Armour
 - Level 2.6 Dodging


You had 4 spell levels left.
You didn't know any spells.
Your spell library was empty.

Dungeon Overview and Level Annotations

Branches:
Dungeon (4/15)
 Temple: D:4-7

Altars:
Elyvilon
Makhleb

Shops:
D:2 [

Annotations:
D:4 Menkaure


Innate Abilities, Weirdness & Mutations

((You are very nimble when in or above water. (Stealth+, EV+, Speed+++)))
Your lower body shifts to a powerful aquatic tail in water.


Message History

You reach to attack!
You closely miss the quokka. You hit the quokka.
You kill the quokka!
Trog accepts your kill.
No target in view!
No target in view!
No target in view!
Found a stone staircase leading down.
Menkaure and a wyvern come into view.
Menkaure shouts!
The wyvern hisses angrily.
The wyvern bites you! The wyvern attacks as you move away!
The wyvern bites you but does no damage.
The wyvern bites you!
There is a stone staircase leading up, spattered with blood here.
There are no items here.
The wyvern bites you but does no damage.
You climb upwards.
There is a stone staircase leading down here.
Unknown command.
A red film seems to cover your vision as you go berserk!
You feel yourself moving faster!
You feel mighty! The wyvern bites you. The wyvern bites you!
You barely miss the wyvern.
The wyvern hisses menacingly.
The wyvern bites you.
You puncture the wyvern!
The wyvern is moderately wounded.
You hit the wyvern but do no damage.
The wyvern is moderately wounded.
The wyvern bites you!
* * * LOW HITPOINT WARNING * * *
You hit the wyvern.
The wyvern is moderately wounded.
The wyvern closely misses you.
You puncture the wyvern!
The wyvern is almost dead.
The wyvern hisses menacingly.
The wyvern bites you!
You die...

#............# #..
#.##+##......# #..
#.#≈≈≈#......# #..
#.'≈≈≈'......# #..
###≈≈≈#......# #..
##+##..##### #..
#.....############..
##..l...............
#.@...)............
#....#)##########..
######.).## #..
###[.##### #..
##.....# ### #.....#
#.....# #.....#
#)....#


You could see a wyvern.

Vanquished Creatures
  A hound (D:4)
  Robin (D:3)
  6 adders
  2 worms (D:2)
  An orc (D:3)
  5 bats
  4 endoplasms
  A giant cockroach (D:2)
  7 goblins
  10 hobgoblins
  4 jackals (D:2)
  3 quokkas
  7 ball pythons
  3 frilled lizards
  5 rats
60 creatures vanquished.

Notes
Turn   | Place    | Note
-------+----------+-------------------------------------------
     0 | D:1      | jejorda2 the Merfolk Berserker began the quest for the Orb.
     0 | D:1      | Reached XP level 1. HP: 18/18 MP: 1/1
   154 | D:1      | Reached XP level 2. HP: 24/24 MP: 2/2
   627 | D:2      | Reached skill level 5 in Polearms
   678 | D:2      | Reached XP level 3. HP: 30/30 MP: 3/3
  1050 | D:2      | Reached XP level 4. HP: 21/37 MP: 4/4
  1212 | D:2      | Found Vuanekk's Armour Shop.
  1602 | D:3      | Reached skill level 6 in Polearms
  1609 | D:3      | Found a faded altar of an unknown god.
  1740 | D:3      | Found a burning altar of Makhleb.
  1923 | D:3      | Reached ** piety under Trog
  1924 | D:3      | Noticed Robin
  1953 | D:3      | Reached XP level 5. HP: 41/43 MP: 5/5
  1965 | D:3      | Killed Robin
  2159 | D:3      | Found a white marble altar of Elyvilon.
  2658 | D:4      | Noticed Menkaure
  2658 | D:4      | Noticed a wyvern
  2671 | D:3      | Slain by a wyvern

Illustrated notes

Levels and vault maps discovered:
D:1:      lightli_arrival_flooded_house, layout_rooms, serial_forest,
          infiniplex_forest_zigzag_2, infiniplex_forest_end_3,
          infiniplex_forest_lined_3, infiniplex_forest_clump_C,
          infiniplex_forest_straight_3, infiniplex_forest_clump_double,
          infiniplex_forest_straight_1
D:2:      layout_basic, serial_shops, nicolae_shop_back_alley_shop
D:3:      layout_basic, mainiacjoe_overflow_boulevard,
          mainiacjoe_overflow_paths, shapermc_ecumenical_altar_flowoftime,
          dreamdust_princess_corridor, minmay_liquid_box, uniq_robin
D:4:      layout_rooms, minmay_temple_entry_fiery, st_stairs_6, uniq_menkaure

Skill      XL: |  1  2  3  4 |
---------------+-------------+-----
Polearms       | 5 6 |  6.9
Fighting       | 4 |  4.6
Armour         | |  1.3
Dodging        | |  2.6

Action                     |  1- 3 |  4- 6 || total
---------------------------+-------+-------++-------
  Melee: Spear             |   123 |   150 ||   273
         Punch             |     1 |     1 ||     2
  Throw: Stone             |     3 |     1 ||     4
 Invoke: Berserk           |     1 |     2 ||     3
         Trog's Hand       |       |     1 ||     1
    Use: Scroll            |       |     2 ||     2
 Armour: Animal skin       |     1 |       ||     1
         Ring mail         |    24 |    46 ||    70
         Scale mail        |       |     6 ||     6
  Dodge: Dodged            |    39 |    86 ||   125
